 Dungeon Crawl Stone Soup version 0.17-a0-1510-gb3fb22e (webtiles) character file.

222 urechis the Covert (level 6, 0/37 HPs)
             Began as a Kobold Berserker on July 11, 2015.
             Was a Believer of Trog.
             Slain by urechis's ghost (5 damage)
             ... on level 3 of the Dungeon.
             The game lasted 00:03:48 (1871 turns).

urechis the Covert (Kobold Berserker)               Turns: 1871, Time: 00:03:49

Health: 0/37       AC:  7    Str: 16    XL:     6   Next: 19%
Magic:  6/6        EV: 14    Int:  5    God:    Trog [**....]
Gold:   64         SH:  0    Dex: 17    Spells: 0 memorised, 5 levels left

rFire  . . .     SeeInvis .     a - +0 short sword
rCold  . . .     Clarity  .     o - +2 ring mail {MR+}
rNeg   . . .     SustAt   .     (shield restricted)
rPois  .         Gourm    .     (no helmet)
rElec  .         Spirit   .     (no cloak)
rCorr  .         Warding  .     (no gloves)
rMut   .         Stasis   .     (no boots)
MR     +++..                    (no amulet)
Stlth  +++++.....               (no ring)
                                b - ring of stealth

@: exhausted, regenerating, slowed, very slow, extremely resistant to hostile
enchantments, quite stealthy
A: carnivore 3
a: Burn Spellbooks, Berserk, Trog's Hand, Renounce Religion


You were on level 3 of the Dungeon.
You worshipped Trog.
Trog was pleased with you.
You were not hungry.

You visited 1 branch of the dungeon, and saw 3 of its levels.

You collected 64 gold pieces.

Inventory:

Hand weapons
 a - a +0 short sword (weapon)
Missiles
 m - 4 tomahawks (quivered)
Armour
 o - a +2 ring mail of magic resistance (worn)
Jewellery
 b - a ring of stealth (left hand)
Scrolls
 d - a scroll of teleportation {unknown}
 f - 3 scrolls of remove curse {unknown}
 h - a scroll of enchant weapon {unknown}
 j - a scroll of identify {unknown}
 n - a scroll of blinking {unknown}
Potions
 e - a potion of lignification {unknown}
 g - 3 potions of heal wounds
 i - 2 potions of flight {unknown}
 k - a potion of ambrosia {unknown}
 l - a potion of poison {unknown}
Comestibles
 c - a meat ration


   Skills:
 - Level 3.2 Fighting
 - Level 4.0 Short Blades
 - Level 1.5 Armour
 - Level 2.4 Dodging
 + Level 8.0 Stealth


You had 5 spell levels left.
You didn't know any spells.

Dungeon Overview and Level Annotations

Branches:
Dungeon (3/15)

Altars:

Annotations:
D:3 urechis's ghost, average KoBe


Innate Abilities, Weirdness & Mutations

You are small and have problems with some larger weapons.
You are carnivorous and can eat meat at any time.


Message History

Urechis's ghost is severely damaged.
Urechis's ghost hits you but does no damage.
You hit urechis's ghost.
Urechis's ghost is severely damaged.
Urechis's ghost hits you.
You closely miss urechis's ghost.
Urechis's ghost is severely damaged.
Urechis's ghost barely misses you. Urechis's ghost hits you.
* * * LOW HITPOINT WARNING * * *
You closely miss urechis's ghost.
Urechis's ghost is severely damaged.
Urechis's ghost hits you!
* * * LOW HITPOINT WARNING * * *
Use which ability? (? or * to list)
Your skin crawls.
You feel resistant to hostile enchantments.
You feel slightly more hungry.
Urechis's ghost hits you but does no damage.
Urechis's ghost hits you.
You die...

###.# #.# %>..#######.#
........#.#
###.###....# #######
#.......#..###..<..#
.....#.###.....##.###.#
### #.# ##.......# #.#
#)# ##...##[###.# #@#
##.###.....# #W# #.#
###.### #.# #.# #.# #.#
#.# #.# #.# #.. ... ..#
#.# #.. #.# #.# #...
#.# #.# .... .....


You could see urechis's ghost.

Vanquished Creatures
  2 hounds (D:2)
  Ijyb (D:2)
  5 gnolls
  2 adders (D:2)
  An ooze (D:1)
  2 worms (D:2)
  A giant gecko (D:2)
  4 giant cockroaches (D:1)
  8 hobgoblins
  3 jackals (D:2)
  9 bats
  3 giant newts
  2 goblins
  6 kobolds
  13 rats
62 creatures vanquished.

Notes
Turn   | Place    | Note
--------------------------------------------------------------
     0 | D:1      | urechis the Kobold Berserker began the quest for the Orb.
     0 | D:1      | Reached XP level 1. HP: 14/14 MP: 1/1
    33 | D:1      | Reached skill level 1 in Stealth
    66 | D:1      | Reached XP level 2. HP: 19/19 MP: 2/2
   247 | D:1      | Reached XP level 3. HP: 20/23 MP: 3/3
   346 | D:1      | Acquired Trog's second power
  1060 | D:2      | Reached XP level 4. HP: 13/28 MP: 4/4
  1166 | D:2      | Reached skill level 5 in Stealth
  1206 | D:2      | Reached skill level 6 in Stealth
  1206 | D:2      | Reached XP level 5. HP: 27/32 MP: 5/5
  1497 | D:2      | Noticed Ijyb
  1510 | D:2      | Killed Ijyb
  1510 | D:2      | Reached skill level 7 in Stealth
  1830 | D:3      | Noticed urechis's ghost (average KoBe)
  1835 | D:3      | Reached XP level 6. HP: 37/37 MP: 6/6
  1844 | D:3      | Reached skill level 8 in Stealth
  1871 | D:3      | Slain by urechis's ghost

Vault maps used:
D:1:      onia_arrival_larder, minmay_misc_feat_tiny
D:2:      cheibrodos_gnoll_hut, uniq_iyjb
D:3:      uniq_terence

Action                   |  1- 3 |  4- 6 || total
-------------------------+-------+-------++-------
Melee: Short sword       |    93 |   110 ||   203
Invok: Berserk           |       |     5 ||     5
       Trog's Hand       |       |     4 ||     4
  Use: Potion            |       |     1 ||     1
 Stab: Sleeping          |    13 |    11 ||    24
  Eat: Chunk             |     6 |     6 ||    12
